 Dungeon Crawl Stone Soup version 0.18-a0-1649-g8d9735b (webtiles) character file.

7568 Herrn the Cleaver (level 11, -2/56 HPs)
             Began as a Vine Stalker Fighter on Mar 29, 2016.
             Was an Initiate of Okawaru.
             Slain by Maud
             ... wielding a +2 battleaxe of draining
              (11 damage)
             ... on level 10 of the Dungeon.
             The game lasted 00:36:20 (7266 turns).

Herrn the Cleaver (Vine Stalker Fighter)            Turns: 7266, Time: 00:36:21

Health: -2/56      AC: 17    Str: 28 (29) XL:     11   Next: 17%
Magic:  0/21       EV:  6    Int:  5 (9)  God:    Okawaru [......]
Gold:   640        SH: 10    Dex: 13 (14) Spells: 0 memorised, 22 levels left

rFire  . . .     SeeInvis .     a - +0 war axe
rCold  . . .     Gourm    .     G - +0 plate armour
rNeg   . . .     Faith    .     c - +0 shield
rPois  .         Spirit   +     n - +2 helmet
rElec  .         Dismiss  .     (no cloak)
rCorr  +         Reflect  .     r - +0 pair of gloves
SustAt .         Harm     .     Q - +1 pair of boots
MR     +....                    p - amulet of rage
Stlth  ..........               R - ring of resist corrosion
                                B - +3 ring of strength

@: mighty, empathic, very slightly contaminated, hasted, heavily drained, very
quick, somewhat resistant to hostile enchantments, extremely unstealthy
A: fangs 3, regeneration 2, magic shield, antimagic bite, no device heal 3, rot
immunity
a: Renounce Religion, Evoke Berserk Rage


You were on level 10 of the Dungeon.
You worshipped Okawaru.
Okawaru was noncommittal.
You were not hungry.

You visited 2 branches of the dungeon, and saw 11 of its levels.
You also visited: Ossuary.

You collected 640 gold pieces.

Inventory:

Hand Weapons
 a - a +0 war axe (weapon)
 Y - a cursed +1 flail of freezing
Armour
 c - a +0 shield (worn)
 n - a +2 helmet (worn)
 r - a +0 pair of gloves (worn)
 G - a +0 plate armour (worn)
 Q - a +1 pair of boots (worn)
 V - the +1 leather armour "Voplekhli" {rElec}
   (You found it on level 9 of the Dungeon)

   It insulates you from electricity.
Jewellery
 m - an uncursed ring of wizardry
 p - an amulet of rage (around neck)
 y - a +3 ring of protection
 B - a +3 ring of strength (left hand)
 R - a ring of resist corrosion (right hand)
Wands
 i - a wand of confusion (32/48)
 l - a wand of acid (3/15)
 I - a wand of lightning (8/15)
 U - a wand of disintegration (13/24)
 Z - a wand of lightning (5/15)
Scrolls
 g - a scroll of amnesia
 j - 2 scrolls of remove curse
 k - 2 scrolls of recharging
 q - a scroll of holy word
 u - a scroll of enchant armour
 w - 5 scrolls of teleportation
 x - a scroll of identify
 E - a scroll of fog
 T - a scroll of fear
Potions
 b - 2 potions of cure mutation
 e - 3 potions of magic
 h - 6 potions of curing
 o - a potion of lignification
 t - a potion of heal wounds
 v - a potion of resistance
 A - 4 potions of degeneration
 K - 2 potions of berserk rage {unknown}
 L - a potion of agility {unknown}
Books
 z - a book of Summonings

   Spells                             Type                      Level
   a - Recall                         Summoning/Translocation      3
   b - Aura of Abjuration             Summoning                    5
   c - Summon Demon                   Summoning                    5
   d - Summon Forest                  Summoning/Translocation      5
   e - Summon Mana Viper              Hexes/Summoning              5
   f - Shadow Creatures               Summoning                    6
 F - a book of the Warp

   Spells                             Type                      Level
   a - Recall                         Summoning/Translocation      3
   b - Gell's Gravitas                Hexes/Translocation          3
   c - Force Lance                    Conjuration/Translocation    4
   d - Warp Weapon                    Charms/Translocation         5
   e - Summon Forest                  Summoning/Translocation      5
 S - a Grand Grimoire

   Spells                             Type                      Level
   a - Monstrous Menagerie            Summoning                    7
   b - Summon Greater Demon           Summoning                    7
   c - Malign Gateway                 Summoning/Translocation      7
   d - Summon Horrible Things         Summoning                    8
 W - a book of Transfigurations

   Spells                             Type                      Level
   a - Irradiate                      Conjuration/Transmutation    5
   b - Statue Form                    Transmutation/Earth          6
   c - Hydra Form                     Transmutation                6
   d - Dragon Form                    Transmutation                7
Comestibles
 f - 4 bread rations
 s - 4 meat rations
 D - 9 royal jellies
 H - 6 fruits
 J - a chunk of flesh


   Skills:
 + Level 5.8(3.5) Fighting
 * Level 9.0(6.5) Axes
 + Level 5.1(2.9) Armour
 * Level 5.5(3.3) Dodging
 + Level 6.6(4.3) Shields
 * Level 6.2(3.8) Spellcasting
 * Level 1.5(0.0) Invocations


You had 22 spell levels left.
You didn't know any spells.

Dungeon Overview and Level Annotations

Branches:
Dungeon (10/15)            Temple (1/1) D:6            Lair (0/8) D:8
    Orc: D:9-12

Altars:
Ashenzari
Cheibriados
Dithmenos
Elyvilon
Fedhas
Gozag
Kikubaaqudgha
Makhleb
Nemelex Xobeh
Okawaru
Pakellas
Qazlal
Ru
Sif Muna
Trog
Vehumet
Xom
Yredelemnul
Zin
The Shining One

Annotations:
D:10 Maud


Innate Abilities, Weirdness & Mutations

You have razor-sharp teeth.
You heal very quickly.
When hurt, damage is shared between your health and your magic reserves.
Your bite disrupts and absorbs the magic of your enemies.
Potions and wands cannot restore your health.
You are immune to rotting.


Message History

You slice Maud!! You bite Maud! You drain her power.
Maud is severely wounded.
You block Maud's attack.
You hit Maud but do no damage. You bite Maud. You drain her power.
Maud is severely wounded.
Maud hits you with a battleaxe of draining!!
You feel drained.
* * * LOW HITPOINT WARNING * * *
You slash Maud! Your bite misses Maud.
Maud is almost dead.
You slash Maud! You bite Maud. You drain her power.
You feel invigorated.
Maud is almost dead.
Maud hits you with a battleaxe of draining!
* * * LOW HITPOINT WARNING * * *
You feel drained.
* * * LOW HITPOINT WARNING * * *
You hit Maud but do no damage. Your bite misses Maud.
Maud is almost dead.
Maud hits you with a battleaxe of draining!!
You die...

#.........#.#
+.........#
#.........#
#.........#
#......[..# #
#.....#'###.#
#.....#.....#
.#######.....#
......@@.....#
.............#
.............#
....>........#
....##########
.... ... ##


You could see Maud.

Vanquished Creatures
  The ghost of Herrn the Covered, a novice VSWz of Okawaru (D:9)
  A gelid demonspawn (D:9)
  An orange crystal statue (D:9)
  Pikel (D:5)
  Psyche (D:9)
  Joseph (D:9)
  A komodo dragon (D:8)
  Sigmund (D:5)
  5 yaks (D:9)
  A hippogriff (D:3)
  Edmund (D:5)
  A soldier ant (D:9)
  An ice beast (D:5)
  2 wasps (D:9)
  2 ogres
  A necrophage (D:8)
  A phantom (D:9)
  2 crocodiles
  2 centaurs
  An elf zombie (Ossuary)
  A big kobold (D:7)
  6 giant frogs
  2 scorpions
  8 wights (D:8)
  2 giant frog zombies
  2 howler monkeys
  2 crimson imps (D:5)
  2 centaur zombies (Ossuary)
  9 hounds
  A gnoll shaman (D:4)
  2 orc priests (D:10)
  A human zombie (Ossuary)
  4 jellies
  2 giant frog skeletons
  2 centaur skeletons
  8 orc wizards
  Jessica (D:2)
  3 iguanas
  9 worker ants
  2 hound zombies
  3 mummies (Ossuary)
  Robin (D:2)
  5 gnolls (D:4)
  10 adders
  A howler monkey skeleton (D:6)
  3 adder zombies (Ossuary)
  5 worms
  3 dart slugs (D:1)
  7 giant geckos
  26 orcs
  A ball python (D:4)
  5 bats
  7 giant cockroaches
  10 hobgoblins
  10 jackals
  4 quokkas
  6 giant newts
  4 gnoll zombies (Ossuary)
  12 goblins
  4 hobgoblin zombies (Ossuary)
  5 jackal zombies (Ossuary)
  10 kobolds
  3 kobold zombies (Ossuary)
  3 orc zombies (Ossuary)
  2 quokka skeletons
  5 quokka zombies (Ossuary)
  2 rats (D:2)
  4 rat zombies (Ossuary)
  2 plants (D:8)
260 creatures vanquished.

Vanquished Creatures (others)
  A giant frog skeleton (D:5)
  A worker ant (D:5)
2 creatures vanquished.

Grand Total: 262 creatures vanquished

Notes
Turn   | Place    | Note
--------------------------------------------------------------
     0 | D:1      | Herrn the Vine Stalker Fighter began the quest for the Orb.
     0 | D:1      | Reached XP level 1. HP: 11/11 MP: 2/2
   124 | D:1      | Reached XP level 2. HP: 13/16 MP: 3/3
   280 | D:1      | Reached skill level 2 in Axes
   564 | D:1      | Reached XP level 3. HP: 18/19 MP: 5/5
   759 | D:2      | Reached skill level 1 in Spellcasting
   773 | D:2      | Noticed Robin
   783 | D:2      | Killed Robin
   823 | D:2      | Reached XP level 4. HP: 23/23 MP: 6/6
   899 | D:2      | Noticed Jessica
  1337 | D:2      | Reached skill level 1 in Dodging
  1772 | D:2      | Found a shimmering altar of Xom.
  1772 | D:2      | Found a burning altar of Makhleb.
  1780 | D:2      | Killed Jessica
  1780 | D:2      | Reached XP level 5. HP: 28/28 MP: 7/7
  2033 | D:3      | Noticed a hippogriff
  2037 | D:3      | Killed a hippogriff
  2037 | D:3      | Reached skill level 3 in Axes
  2037 | D:3      | Gained mutation: You heal very quickly. [Vine Stalker growth]
  2037 | D:3      | Reached XP level 6. HP: 31/32 MP: 8/10
  2225 | D:4      | Reached XP level 7. HP: 36/36 MP: 11/11
  2580 | D:4      | Reached skill level 4 in Axes
  2830 | D:5      | Entered Level 5 of the Dungeon
  2873 | D:5      | Noticed Pikel
  2887 | D:5      | Killed Pikel
  2887 | D:5      | Gained mutation: You have razor-sharp teeth. [Vine Stalker growth]
  2887 | D:5      | Reached XP level 8. HP: 39/42 MP: 12/14
  2896 | D:5      | Reached skill level 5 in Axes
  2945 | D:5      | Noticed Edmund
  2966 | D:5      | Killed Edmund
  3011 | D:5      | Reached skill level 5 in Shields
  3020 | D:5      | Found a sand-covered staircase.
  3025 | Ossuary  | Entered an ossuary
  3114 | Ossuary  | Reached XP level 9. HP: 41/45 MP: 13/15
  3455 | D:5      | Reached skill level 6 in Axes
  3639 | D:5      | Noticed Sigmund
  3658 | D:5      | Killed Sigmund
  4035 | D:6      | Found a staircase to the Ecumenical Temple.
  4044 | Temple   | Entered the Ecumenical Temple
  4155 | D:6      | Got an ominously black robe
  4313 | D:6      | Found a stormy altar of Qazlal.
  4320 | D:6      | Found a radiant altar of Vehumet.
  4372 | D:6      | Found a white marble altar of Elyvilon.
  4973 | D:7      | Reached skill level 7 in Axes
  5682 | D:8      | Reached XP level 10. HP: 38/51 MP: 12/18
  5683 | D:8      | Reached skill level 5 in Fighting
  5684 | D:8      | Reached skill level 5 in Spellcasting
  5773 | D:8      | Found a staircase to the Lair.
  6170 | D:8      | Reached skill level 5 in Dodging
  6231 | D:9      | Noticed an orange crystal statue
  6231 | D:9      | Noticed Joseph
  6239 | D:9      | Killed Joseph
  6239 | D:9      | Reached skill level 8 in Axes
  6251 | D:9      | Found a deep blue altar of Sif Muna.
  6267 | D:9      | Noticed Psyche
  6275 | D:9      | Killed Psyche
  6275 | D:9      | Reached skill level 5 in Armour
  6290 | D:9      | Noticed Herrn's ghost (novice VSWz)
  6303 | D:9      | Killed Herrn's ghost
  6307 | D:9      | Found an iron altar of Okawaru.
  6309 | D:9      | Found a glowing silver altar of Zin.
  6314 | D:9      | Got a transparent leather armour
  6316 | D:9      | Found a basalt altar of Yredelemnul.
  6339 | D:9      | Became a worshipper of Warmaster Okawaru
  6424 | D:9      | Found an oddly glowing altar of Pakellas.
  6470 | D:9      | Reached XP level 11. HP: 56/56 MP: 20/20
  6892 | D:9      | Killed an orange crystal statue
  6892 | D:9      | Reached skill level 9 in Axes
  6892 | D:9      | Reached skill level 1 in Invocations
  6922 | D:8      | Identified the +2 robe of Qeosumpo {rC- Regen+ Str+8 Dex+4} (You found it on level 6 of the Dungeon)
  6934 | D:8      | Identified the +1 leather armour "Voplekhli" {rElec} (You found it on level 9 of the Dungeon)
  6981 | D:9      | Paralysed by a wasp for 1 turns
  7127 | D:9      | Drew Focus: Str increased to 21, Int decreased to 9
  7128 | D:9      | Noticed Hityticu
  7158 | D:9      | Killed Hityticu the gelid demonspawn
  7173 | D:10     | Entered Level 10 of the Dungeon
  7255 | D:10     | Noticed Maud
  7266 | D:10     | Slain by Maud

Vault maps used:
D:1:      dpeg_arrival_line_fractal
D:2:      nicolae_overflow_hidden_temple, first_bread, uniq_robin, uniq_jessica
D:5:      enter_ossuary_5, water_boxes_lemuel, uniq_pikel, uniq_edmund,
          uniq_sigmund
D:6:      amethyst_overflow_temple_binary, kennysheep_little_box,
          minmay_temple_entry_grid
D:8:      david_lair_shrubbed
D:9:      lemuel_round_altar, gammafunk_temple_overflow_forgotten,
          hangedman_pestilent_swarm, minivault_15, grunt_pakellas_mercury,
          uniq_psyche, uniq_joseph
D:10:     serial_undead, serial_undead_e, serial_undead_d, serial_undead_b,
          serial_undead_c, kennysheep_generic_room_5, uniq_snorg, uniq_urug,
          uniq_maud, uniq_gastronok
Temple:   triangle_lava_temple_11
Ossuary:  minmay_ossuary_two_tombs

Skill      XL: |  1  2  3  4  5  6  7  8  9 10 11 |
---------------+----------------------------------+-----
Axes           | 2 3 4 5 7 8 9 |  9.0
Spellcasting   | 1 2 3 4 5 6 |  6.2
Shields        | 3 4 5 6 |  6.6
Dodging        | 1 2 3 4 5 |  5.5
Fighting       | 3 4 5 |  5.8
Armour         | 3 4 5 |  5.1
Invocations    | 1 |  1.5

Action                   |  1- 3 |  4- 6 |  7- 9 | 10-12 || total
-------------------------+-------+-------+-------+-------++-------
Melee: War axe           |    93 |   151 |   451 |   231 ||   926
Evoke: Wand              |       |       |       |     4 ||     4
       Deck              |       |       |       |     5 ||     5
  Use: Potion            |       |     1 |     1 |    12 ||    14
       Scroll            |       |       |     6 |     4 ||    10
  Eat: Chunk             |       |     5 |     9 |     7 ||    21
       Beef jerky        |       |       |     1 |       ||     1
